 Dungeon Crawl Stone Soup version 0.26.0-16-gc1dbca0489 (webtiles) character file.

Game seed: 7282647419548584346

343 RaHiT the Sneak (level 6, -1/45 HPs)
             Began as an Octopode Delver on Jan 18, 2021.
             Slain by an orc
             ... wielding a +0 hand axe of flaming
              (7 damage)
             ... on level 3 of the Dungeon.
             The game lasted 00:13:59 (2905 turns).

RaHiT the Sneak (Octopode Delver)                   Turns: 2905, Time: 00:13:59

Health: -1/45      AC:  1    Str: 11    XL:     6   Next: 57%
Magic:  6/6        EV: 15    Int: 15    God:
Gold:   163        SH:  0    Dex: 13    Spells: 5/5 levels left

rFire    . . .     SeeInvis .     - Unarmed
rCold    . . .     Faith    .   (no shield)
rNeg     . . .     Spirit   .   (helmet restricted)
rPois    .         Reflect  .   (no amulet)
rElec    .         Harm     .   (no ring)
rCorr    .         Rampage  .   (no ring)
Will     .....                  (no ring)
Stlth    ++++......             (no ring)
HPRegen  0.15/turn              (no ring)
MPRegen  0.10/turn              (no ring)
                                (no ring)
                                (no ring)

@: slowed, very slow
A: almost no armour, stealthy swim, amphibious, 8 rings, constrict 8, camouflage
1, gelatinous body 1
a: no special abilities


You were on level 3 of the Dungeon.
You visited 1 branch of the dungeon, and saw 5 of its levels.

You collected 163 gold pieces.

Inventory:

Missiles
 g - 75 arrows
 j - 89 stones (quivered)
 l - 26 bolts
Jewellery
 o - an uncursed ring of positive energy {unknown}
Wands
 e - a wand of digging (3)
Scrolls
 a - 4 scrolls of fog
 b - a scroll of magic mapping
 c - a scroll of fear
 d - 2 scrolls of teleportation {unknown}
 f - 2 scrolls of enchant weapon {unknown}
 h - 2 scrolls of identify {unknown}
 i - a scroll of remove curse {unknown}
 m - a scroll of immolation {unknown}
 n - a scroll of amnesia {unknown}
Potions
 k - a potion of ambrosia {unknown}


   Skills:
 + Level 4.8 Fighting
 - Level 4.0 Dodging
 - Level 7.0 Stealth
 - Level 4.0 Unarmed Combat


You had 5 spell levels left.
You didn't know any spells.
Your spell library was empty.

Dungeon Overview and Level Annotations

Branches:
Dungeon (5/15)
 Temple: D:4-7

Altars:
Ashenzari
Kikubaaqudgha


Innate Abilities, Weirdness & Mutations

You cannot wear most types of armour.
You are very stealthy in the water. (Stealth+)
You are amphibious.
You can wear up to eight rings at the same time.
You can use your tentacles to constrict eight enemies at once.
Your skin changes colour to match your surroundings (Stealth+).
Your rubbery body absorbs attacks. (AC +1, EV +1)


Message History

You constrict the orc wizard.
You kill the orc wizard!
The orc throws a boomerang.
The boomerang misses you.
The weapon returns to the orc!
Unknown command.
The orc hits you with a +0 hand axe of flaming.
The orc burns you.
The orc hits you with a +0 hand axe of flaming.
The orc burns you.
Items here: )) [[ ÷ ††.
You tentacle-slap the orc. Your grab misses the orc.
The orc is heavily wounded.
The orc hits you with a +0 hand axe of flaming.
* * * LOW HITPOINT WARNING * * *
The orc burns you.
* * * LOW HITPOINT WARNING * * *
You tentacle-slap the orc. Your grab misses the orc.
The orc is severely wounded.
The orc hits you with a +0 hand axe of flaming!
You die...

... ...h
..#....(... #.
.....##.#........
#######
......†...((.....
......!
#?#.(.....(
o######
#(#......... ....
#.#...# .S ...
#(#...# #. ##.
#.o#### #.#####.
##@# #....... #<#
#....[.. #÷##
##...... #(.#
#...... ##.##
##...... #..##.#
#....... ##.##.#
#....... #..#.#
#.###### ##.#.#
#.# ###


You could see an orc.

Vanquished Creatures
  2 orc priests (D:3)
  2 orc wizards (D:3)
  A centaur skeleton (D:4)
  A hound (D:5)
  4 gnolls
  A howler monkey skeleton (D:4)
  6 adders
  A white imp (D:5)
  A worm (D:2)
  A dart slug (D:2)
  A leopard gecko (D:3)
  4 orcs (D:3)
  3 giant cockroaches
  6 goblins
  4 hobgoblins
  A jackal (D:3)
  3 kobolds (D:1)
  4 quokkas
  2 ball pythons
  4 bats
  3 frilled lizards
  4 rats
59 creatures vanquished.

Notes
Turn   | Place    | Note
-------+----------+-------------------------------------------
     0 | D:5      | RaHiT the Octopode Delver began the quest for the Orb.
     0 | D:5      | Reached XP level 1. HP: 16/16 MP: 1/1
     8 | D:5      | Noticed a phantom
    25 | D:5      | Found a broken altar of Ashenzari.
    35 | D:5      | Noticed a hound
    50 | D:5      | Noticed a worker ant
    58 | D:5      | Reached skill level 7 in Stealth
    58 | D:5      | Reached XP level 2. HP: 21/21 MP: 2/2
    78 | D:5      | Reached XP level 3. HP: 20/26 MP: 3/3
   108 | D:5      | HP: 1/26 [poisoned by an adder]
   904 | D:4      | Reached XP level 4. HP: 31/31 MP: 4/4
  1429 | D:2      | Reached XP level 5. HP: 30/36 MP: 5/5
  2462 | D:3      | Found an ancient bone altar of Kikubaaqudgha.
  2511 | D:3      | Reached XP level 6. HP: 43/43 MP: 6/6
  2905 | D:3      | Slain by an orc

Illustrated notes

Levels and vault maps discovered:
D:1:      minmay_arrival_diagonal_passages, layout_loops_ring
D:2:      layout_rooms
D:3:      layout_basic, nicolae_overflow_crystal_walls, lemuel_round_altar,
          gammafunk_temple_overflow_elements
D:4:      layout_rooms, grunt_decor_cap
D:5:      layout_rooms, nicolae_ashenzari_panopticon, kennysheep_generic_room_11

Skill      XL: |  1  2  3  4  5  6 |
---------------+-------------------+-----
Stealth        | 7 |  7.0
Dodging        | 3 4 |  4.0
Unarmed Combat | 3 4 |  4.0
Fighting       | 4 |  4.8

Action                   |  1- 3 |  4- 6 || total
-------------------------+-------+-------++-------
Melee: Unarmed           |    27 |   137 ||   164
       Tentacles         |    10 |    21 ||    31
       Constrict         |     4 |    35 ||    39
       Punch             |     1 |     2 ||     3
Throw: Stone             |       |    16 ||    16
  Use: Potion            |     1 |       ||     1
 Stab: Sleeping          |     2 |    20 ||    22
Armor: Skin              |     2 |     8 ||    10
Dodge: Dodged            |    11 |    76 ||    87
